 Dungeon Crawl Stone Soup version 0.31-a0-233-g139696dc86 (webtiles) character file.

Game seed: 1860504456683428516

9965 Armakuni the Cruncher (level 11, -2/79 HPs)
             Began as a Human Artificer on July 8, 2023.
             Was a Priest of Ru.
             Slain by a two-headed ogre
             ... wielding a +0 giant club
              (33 damage)
             ... on level 10 of the Dungeon.
             The game lasted 00:42:19 (9741 turns).

Armakuni the Cruncher (Human Artificer)             Turns: 9741, Time: 00:42:19

Health: -2/79      AC: 15    Str: 21    XL:     11   Next: 84%
Magic:  11/11      EV: 13    Int: 15    God:    Ru [***...]
Gold:   281        SH:  0    Dex: 19    Spells: 10/10 levels left

rFire   + + +        a - +4 quarterstaff (chaos)
rCold   . . .        (shield currently unavailable)
rNeg    + . .        d - +1 robe {rC+ rF+}
rPois   +            r - +2 helmet {Int+3}
rElec   .            i - +3 cloak of Pride {rPois rF+ rN+}
rCorr   .            y - +0 pair of gloves
SInv    .            C - +2 pair of boots
Will    +....        (no amulet) Stlth
                     D - ring of the Echidna {rF++ rC- Str+4 Dex+6 Stlth+}
HPRegen 0.33/turn    W - ring of willpower
MPRegen 0.12/turn

%: no passive effects
@: no status effects
A: no stealth, inability to use devices
a: Renounce Religion, Draw Out Power


You were on level 10 of the Dungeon.
You worshipped Ru.
Ru was most pleased with you.
You visited 1 branch of the dungeon, and saw 10 of its levels.
You also visited: Sewer.

You collected 639 gold pieces.
You spent 358 gold pieces at shops.

Inventory:

Hand Weapons
 a - a +4 quarterstaff of chaos (weapon)
 b - a +3 flail of protection
 p - a +0 dire flail
 v - a +2 dagger of venom
Missiles
 h - 18 poisoned darts
 F - a throwing net
 I - 3 curare-tipped darts
Armour
 d - a +1 robe of resistance (worn)
 i - the +3 cloak of Pride (worn) {rPois rF+ rN+}
   (You found it on level 8 of the Dungeon)

   rF:        It protects you from fire.
   rPois:     It protects you from poison.
   rN:        It protects you from negative energy.
 l - a +0 cloak
 q - a +2 plate armour
 r - a +2 helmet of intelligence (worn)
 s - an orb of light
 u - a +0 ring mail
 y - a +0 pair of gloves (worn)
 C - a +2 pair of boots (worn)
 G - a +0 buckler
 H - +0 acid dragon scales
Jewellery
 c - a ring of protection from fire
 D - the ring of the Echidna (left hand) {rF++ rC- Str+4 Dex+6 Stlth+}
   (You acquired it in a sewer)

   [ring of dexterity]

   Str:       It affects your strength (+4).
   Dex:       It affects your dexterity (+6).
   rF:        It greatly protects you from fire.
   rC:        It makes you vulnerable to cold.
   Stlth:     It makes you more stealthy.
 W - a ring of willpower (right hand)
Scrolls
 e - 2 scrolls of fear
 f - a scroll of fog
 j - 3 scrolls of teleportation
 k - 4 scrolls of revelation
 m - 3 scrolls of torment
 n - 2 scrolls of blinking
 o - a scroll of enchant armour
 J - a scroll of noise
Potions
 g - 3 potions of lignification
 t - a potion of cancellation
 w - a potion of curing
 x - a potion of might
 z - a potion of enlightenment
 A - 2 potions of heal wounds
 B - 2 potions of mutation
 E - a potion of brilliance
 K - a potion of magic


   Skills:
 - Level 5.0 Fighting
 + Level 1.3(6.5) Maces & Flails
 - Level 10.2(10.3) Staves
 - Level 4.0 Armour
 - Level 2.6 Dodging
   Level 0.0 Stealth


You had 10 spell levels left.
You didn't know any spells.
Your spell library contained the following spells:

 Spells                   Type           Power      Damage    Failure   Level
 Freeze                   Ice            0%         1d3       26%         1
 Slow                     Hex            0%         N/A       26%         1
 Cigotuvi's Dreadful Rot  Necr/Pois/Air  0%         N/A       38%         2
 Confusing Touch          Hex            0%         N/A       63%         3
 Frozen Ramparts          Ice            0%         1d1       63%         3
 Hailstorm                Conj/Ice       0%         3d3       63%         3
 Tukima's Dance           Hex            0%         N/A       63%         3
 Vampiric Draining        Necr           0%         2d6       63%         3
 Dispel Undead            Necr           0%         3d6       95%         4
 Ice Form                 Ice/Tmut       0%         N/A       95%         4
 Passage of Golubria      Tloc           0%         N/A       95%         4
 Petrify                  Tmut/Erth      0%         N/A       95%         4
 Summon Ice Beast         Ice/Summ       0%         N/A       95%         4
 Iskenderun's Battlesphe  Conj           0%         2d6       100%        5
 Metabolic Englaciation   Hex/Ice        0%         N/A       100%        5
 Yara's Violent Unravell  Hex/Tmut       0%         3d3       100%        5
 Death Channel            Necr           0%         N/A       100%        6
 Leda's Unmaking          Conj/Erth      0%         9d1       100%        6
 Statue Form              Tmut/Erth      0%         N/A       100%        6
 Spellforged Servitor     Conj/Summ      0%         N/A       100%        7


Dungeon Overview and Level Annotations

Branches:
Dungeon (10/15)            Temple (0/1) D:6            Lair (0/5) D:9
  Sewer (visited)
    Orc: D:9-12

Altars:
Ashenzari
Dithmenos
Hepliaklqana
Kikubaaqudgha
Nemelex Xobeh
Okawaru
Qazlal
Ru
Sif Muna
Trog
Wu Jian
Xom
Yredelemnul
Zin
The Shining One

Shops:
D:1 =   D:6 !?   D:7 *   D:8 *   D:9 :

Portals:
Bailey: D:10

Annotations:
D:9 2 transporters, NigelTetley's ghost, novice TrFi


Innate Abilities, Weirdness & Mutations

You cannot be stealthy.
You cannot study or use magical devices.


Message History

The troll bites you! The troll claws you but does no damage.
The troll completely misses you.
You closely miss the troll. The troll misses you. The troll claws you!
The troll claws you but does no damage.
You sock the troll!
The troll is moderately wounded.
The troll is stunned by your conviction and fails to attack.
You barely miss the troll.
The troll is moderately wounded.
The troll is stunned by your conviction and fails to attack.
You hit the troll. Lightning courses through the troll!!
The troll is almost dead.
You sock the troll!
You kill the troll!
Your base Maces & Flails skill increases to level 1!
No target in view!
No target in view!
As you read the scroll of identify, it crumbles to dust.
J - a scroll of noise You hear the creaking of a portcullis very nearby.
HP restored.
c - a ring of protection from fire You hear the steady creaking of a portcullis very nearby.
Found a hand axe.
Found a hand axe and a dazzling hand axe.
Found a flagged portal.
Found a hand axe, 7 gold pieces and a bubbling red potion.
A two-headed ogre comes into view.
It is wielding a +0 giant club and a +0 giant spiked club.
The two-headed ogre shouts in stereo!
You cannot evoke magical items.
The two-headed ogre hits you with a +0 giant club.
The two-headed ogre hits you with a +0 giant spiked club!
You sock the two-headed ogre!
The two-headed ogre seems to grow stronger.
The two-headed ogre is moderately wounded.
You sock the two-headed ogre!
The two-headed ogre is heavily wounded.
The two-headed ogre hits you with a +0 giant club!!!
The two-headed ogre hits you with a +0 giant spiked club!!
You die...

#....... # ### .#
#.#####. #.#..#.#
##.#####.
.#.#..#####.....##. #
..... #........##. ..
#.#.###.##..#..##.
#.###.................
#........##.####.....#
#..O@...##.........##
#.)∩)...#########.##
#..)...............#
#............####..#
...$......<...##>...#
####!.##.#...>.##.##.#
#.....#.....##.##.#
##.########.......# .
####.####


You could see a two-headed ogre (strong).

Vanquished Creatures
  A two-headed ogre (D:8)
  A death knight (D:7)
  Pikel (D:7)
  A deep elf pyromancer (D:7)
  The ghost of discopopstar the Thaumaturge, a novice DECj of Vehumet (D:7)
  An elephant (shapeshifter) (D:10)
  A troll (D:10)
  A slime creature (D:7)
  3 wyverns
  10 yaks
  2 steam dragons (D:7)
  A vampire mosquito (D:7)
  Menkaure (D:5)
  A water moccasin (D:7)
  3 acid dragons
  A black bear (D:7)
  7 orc warriors
  2 ice beasts
  3 sky beasts
  An ogre (D:5)
  2 centaurs
  3 phantoms
  A kobold brigand (D:9)
  Blork the orc (D:4)
  3 bullfrogs
  A gnoll sergeant (D:7)
  6 wights (D:7)
  10 killer bees
  2 howler monkeys
  An electric eel (D:7)
  4 hounds
  3 jellies
  4 orc priests
  A gnoll bouda (D:6)
  A hell rat (Sewer)
  8 iguanas
  6 orc wizards
  5 adders
  A gnoll (D:6)
  4 river rats (Sewer)
  2 white imps
  4 ufetubi
  A worm (D:2)
  3 dart slugs
  22 orcs
  7 ball pythons
  4 bats
  10 endoplasms
  6 giant cockroaches
  9 goblins
  7 hobgoblins
  6 jackals
  10 kobolds
  7 quokkas
  4 frilled lizards
  8 rats
220 creatures vanquished.

Vanquished Creatures (collateral kills)
  Edmund (D:5)
  A phantom (D:7)
  A hound (D:6)
  Ijyb (D:5)
  4 gnolls (D:6)
  A shadow imp (D:5)
  A worm (D:3)
  A kobold (D:3)
  A rat (D:3)
12 creatures vanquished.

Vanquished Creatures (others)
  A white imp (D:4)
1 creature vanquished.

Grand Total: 233 creatures vanquished

Notes
Turn   | Place    | Note
-------+----------+-------------------------------------------
     0 | D:1      | Armakuni the Human Artificer began the quest for the Orb.
     0 | D:1      | Reached XP level 1. HP: 15/15 MP: 1/1
    81 | D:1      | Reached XP level 2. HP: 2/22 MP: 2/2
   286 | D:1      | Found a faded altar of an unknown god.
   421 | D:1      | Found Voacovan's Jewellery Shop.
   505 | D:1      | Reached XP level 3. HP: 23/28 MP: 3/3
   795 | D:1      | Upgraded the game from 0.31-a0-232-gb1c03b2570 to
                  | 0.31-a0-233-g139696dc86
  1038 | D:2      | Found a glowing golden altar of the Shining One.
  1705 | D:3      | Found a shadowy altar of Dithmenos.
  1776 | D:3      | Reached XP level 4. HP: 35/35 MP: 4/4
  1994 | D:3      | Found a basalt altar of Yredelemnul.
  2230 | D:4      | Reached XP level 5. HP: 14/43 MP: 5/5
  2248 | D:4      | Noticed a phantom
  2257 | D:4      | Killed a phantom
  2258 | D:4      | Reached skill level 5 in Fighting
  2258 | D:4      | Reached XP level 6. HP: 3/51 MP: 6/6
  2498 | D:4      | Found an ancient bone altar of Kikubaaqudgha.
  2502 | D:4      | Found a shimmering altar of Xom.
  2506 | D:4      | Found a sacrificial altar of Ru.
  2512 | D:4      | Became a worshipper of Ru the Awakened
  2691 | D:4      | Found a stormy altar of Qazlal.
  2691 | D:4      | Noticed a sky beast
  2699 | D:4      | Killed a sky beast
  2700 | D:4      | Reached skill level 5 in Evocations
  2794 | D:4      | Found a glowing drain.
  2808 | Sewer    | Entered a sewer
  2890 | Sewer    | Reached XP level 7. HP: 51/56 MP: 7/7
  3110 | Sewer    | Identified a scroll of acquirement
  3111 | Sewer    | Acquired the ring of the Echidna {rF++ rC- Str+4 Dex+6
                  | Stlth+}
  3254 | D:4      | Noticed Blork the orc
  3269 | D:4      | Killed Blork the orc
  3392 | D:4      | Found an ornate altar of the Wu Jian Council.
  3900 | D:5      | Entered Level 5 of the Dungeon
  4090 | D:5      | Noticed Menkaure
  4106 | D:5      | HP: 1/56 [Menkaure/nerve-wracking pain (8)]
  4109 | D:5      | Killed Menkaure
  4110 | D:5      | Reached XP level 8. HP: 28/62 MP: 8/8
  4300 | D:5      | Noticed Ijyb
  4315 | D:5      | Killed Ijyb
  4401 | D:5      | Noticed Edmund
  4409 | D:5      | Killed Edmund
  4415 | D:5      | Reached skill level 5 in Stealth
  4618 | D:5      | Found a glowing golden altar of the Shining One.
  4709 | D:5      | Found a glowing silver altar of Zin.
  5001 | D:6      | Found a hazy altar of Hepliaklqana.
  5015 | D:6      | Found an iron altar of Okawaru.
  5047 | D:6      | Found Dax Foec's Distillery.
  5053 | D:6      | Reached skill level 1 in Staves
  5060 | D:6      | Bought a potion of heal wounds for 70 gold pieces
  5060 | D:6      | Bought a potion of mutation for 112 gold pieces
  5060 | D:6      | Bought 2 potions of might for 112 gold pieces
  5118 | D:6      | Found a staircase to the Ecumenical Temple.
  5244 | D:6      | Reached skill level 2 in Staves
  5244 | D:6      | Reached XP level 9. HP: 64/68 MP: 9/9
  5458 | D:6      | Found Vecupana's Magic Scroll Shoppe.
  5462 | D:6      | Bought a scroll of teleportation for 39 gold pieces
  5570 | D:7      | Reached skill level 3 in Staves
  5687 | D:7      | Noticed a death knight
  5764 | D:7      | Found a runed translucent gate.
  5765 | D:7      | Found a runed translucent gate.
  5766 | D:7      | Noticed discopopstar's ghost (novice DECj)
  5767 | D:7      | Found a runed translucent gate.
  5927 | D:7      | Reached XP level 10. HP: 69/74 MP: 10/10
  5939 | D:7      | Reached skill level 10 in Stealth
  6100 | D:7      | Killed a death knight
  6261 | D:7      | Gained mutation: You cannot be stealthy. [Ru sacrifice]
  6261 | D:7      | Reached * piety under Ru
  6305 | D:7      | Noticed Pikel
  6317 | D:7      | Killed Pikel
  6318 | D:7      | Reached skill level 4 in Staves
  6498 | D:7      | Reached skill level 5 in Staves
  6510 | D:7      | Noticed a deep elf pyromancer
  6512 | D:7      | Killed a deep elf pyromancer
  6785 | D:7      | Found Cirovuj's Assorted Antiques.
  6790 | D:7      | Bought a yellow potion for 25 gold pieces
  6843 | D:7      | Found a runed translucent door.
  6844 | D:7      | Noticed Crazy Yiuf
  6850 | D:7      | Crazy Yiuf changed into Crazy Yiuf the hound
  6850 | D:7      | Noticed Crazy Yiuf
  6852 | D:7      | Killed Crazy Yiuf the hound
  7098 | D:7      | Killed discopopstar's ghost
  7099 | D:7      | Reached skill level 6 in Staves
  7099 | D:7      | Reached XP level 11. HP: 79/79 MP: 11/11
  7336 | D:8      | Found Duunuam's General Store.
  7561 | D:8      | Found a shimmering blue altar of Sif Muna.
  7570 | D:8      | Reached skill level 7 in Staves
  7878 | D:8      | Noticed a two-headed ogre
  7885 | D:8      | Killed a two-headed ogre
  7886 | D:8      | Reached skill level 8 in Staves
  7991 | D:8      | Identified the +3 cloak of Pride {rPois rF+ rN+}
  8022 | D:8      | Found a bloodstained altar of Trog.
  8529 | D:9      | Found Faxkac's Book Emporium.
  8529 | D:9      | Noticed a walking divine tome
  8529 | D:9      | Noticed a walking earthen tome
  8550 | D:9      | Found a transporter.
  8552 | D:9      | Noticed NigelTetley's ghost (novice TrFi)
  8567 | D:9      | Found a sparkling altar of Nemelex Xobeh.
  8568 | D:9      | Found a transporter.
  8643 | D:9      | Reached skill level 9 in Staves
  8974 | D:9      | Found a broken altar of Ashenzari.
  9084 | D:9      | Found a staircase to the Lair.
  9337 | D:10     | Entered Level 10 of the Dungeon
  9376 | D:10     | Reached skill level 10 in Staves
  9377 | D:10     | a yak changed into a glowing shapeshifter
  9377 | D:10     | Noticed a glowing shapeshifter (glowing shapeshifter)
  9378 | D:10     | a glowing shapeshifter changed into an orb spider
  9378 | D:10     | Noticed an orb spider (glowing shapeshifter)
  9379 | D:10     | an orb spider changed into a deep troll
  9379 | D:10     | Noticed a deep troll (glowing shapeshifter)
  9381 | D:10     | a deep troll changed into a shining eye
  9381 | D:10     | Noticed a shining eye (glowing shapeshifter)
  9382 | D:10     | a shining eye changed into a glowing shapeshifter
  9382 | D:10     | Noticed a glowing shapeshifter (glowing shapeshifter)
  9382 | D:10     | a glowing shapeshifter changed into a lindwurm
  9382 | D:10     | Noticed a lindwurm (glowing shapeshifter)
  9383 | D:10     | a lindwurm changed into an elephant
  9383 | D:10     | Noticed an elephant (glowing shapeshifter)
  9392 | D:10     | Killed an elephant
  9396 | D:10     | Gained mutation: You cannot study or use magical devices.
                  | [Ru sacrifice]
  9396 | D:10     | Reached ** piety under Ru
  9396 | D:10     | Reached *** piety under Ru
  9653 | D:10     | Reached skill level 1 in Maces & Flails
  9733 | D:10     | Found a flagged portal.
  9736 | D:10     | Noticed a two-headed ogre
  9741 | D:10     | Slain by a two-headed ogre

Illustrated notes

Levels and vault maps discovered:
D:1:      heliophobic_arrival_dark_side_of_the_moon, layout_basic, serial_glass,
          glass_columns_a, glass_columns_b, minmay_strange_pillars,
          minmay_strange_pillars, chequers_ecumenical_altar_twisty,
          serial_shops, nicolae_shop_stone, due_unseen_surprise
D:2:      layout_loops_ring, basic_altar, item_on_display_a
D:3:      layout_basic, nicolae_overflow_crystal_walls, lemuel_tele_altar
D:4:      layout_loops_ring, mainiacjoe_overflow_six_doors_small,
          old_standard_altar, minitemple, gup_sewer_entry_pipe,
          uniq_blork_the_orc
D:5:      layout_rooms, overflow_temple_1_default, tso_metal_star,
          nrook_loot_triangle, uniq_edmund, uniq_ijyb, uniq_menkaure
D:6:      layout_cave_pools, mainiacjoe_overflow_boulevard,
          general_overflow_altar, minmay_temple_entry_grid, serial_shops,
          nicolae_shop_trees, nicolae_shop_window_shopping
D:7:      nzn_winding_woodlands_cross [nzn_winding_woodlands_5x15_sawtooth,
          nzn_winding_woodlands_5x15_garden, nzn_winding_woodlands_5x15_crooked,
          nzn_winding_woodlands_5x15_river_crossing,
          nzn_winding_woodlands_15x15_thick_spiral], layout_loops_cross,
          serial_shops, nicolae_stop_n_shop_2, biasface_ghost_orc_armoury,
          uniq_pikel, uniq_crazy_yiuf_cottage
D:8:      layout_loops_ring, mainiacjoe_overflow_surrounded_room,
          trog_hazing_becter, serial_shops, nicolae_shop_tiny_real_fake_doors
D:9:      layout_small_grid, kennysheep_mini, mainiacjoe_overflow_24_doors,
          lair_entry_dummy, serial_shops, nicolae_shop_mannequins,
          gammafunk_ghost_arena, hex_large
D:10:     layout_loops_cross, old_standard_altar, enter_bailey_2,
          nicolae_transporter_intersection

Skill      XL: |  1  2  3  4  5  6  7  8  9 10 11 |
---------------+----------------------------------+-----
Fighting       | 2 3 4 5 |  5.0
Evocations     | 5 6 8 0 |  0.0
Armour         | 4 |  4.0
Dodging        | 2 |  2.6
Stealth        | 3 6 9 0 |  0.0
Staves         | 2 3 6 10 | 10.2
Maces & Flails | 1 |  1.3

Action                     |  1- 3 |  4- 6 |  7- 9 | 10-12 || total
---------------------------+-------+-------+-------+-------++-------
  Melee: Club              |    13 |       |       |       ||    13
         Spear             |       |    63 |   139 |       ||   202
         Punch             |       |       |     3 |       ||     3
         Flail             |       |       |   145 |    68 ||   213
         Quarterstaff      |       |       |       |   225 ||   225
   Fire: Sling             |   103 |    67 |       |       ||   170
  Throw: Dart              |    10 |       |       |       ||    10
 Invoke: Sacrifice Stealth |       |       |       |     1 ||     1
         Sacrifice Artific |       |       |       |     1 ||     1
  Evoke: Wand              |     4 |    17 |    44 |    29 ||    94
    Use: Scroll            |     2 |     5 |     9 |     5 ||    21
         Potion            |       |     2 |     5 |     2 ||     9
   Stab: Invisible         |       |     2 |       |       ||     2
         Sleeping          |       |       |     8 |       ||     8
         Paralysed         |       |       |    12 |    17 ||    29
         Confused          |       |       |       |     1 ||     1
 Armour: Leather armour    |    24 |     7 |       |       ||    31
         Ring mail         |       |    22 |     7 |       ||    29
         Robe              |       |       |   150 |    99 ||   249
         Skin              |       |       |     3 |       ||     3
  Dodge: Dodged            |    39 |    56 |   265 |   163 ||   523

Table legend: (Time is in decaauts)
 A = Elapsed time spent in this place.
 B = Non-inter-level travel time spent in this place.
 C = Inter-level travel time spent in this place.
 D = Time resting spent in this place.
 E = Time spent auto-exploring this place.
 F = Levels seen in this place.
 G = Mean time per level.
                   A        B        C        D        E       F      G
               +--------+--------+--------+--------+--------+-----+--------+
         Total |   9912 |   9266 |    646 |   1321 |   5474 |  11 |  901.1 |
       Dungeon |   9572 |   8926 |    646 |   1162 |   5404 |  10 |  957.2 |
         Sewer |    340 |    340 |      0 |    159 |     70 |   1 |  340.0 |
               +--------+--------+--------+--------+--------+-----+--------+

Top non-repeatable levels by time:
     D:7: 1977 daAuts
     D:4: 1369 daAuts
     D:9: 1058 daAuts
     D:8: 1003 daAuts
     D:1: 976 daAuts
     D:5: 923 daAuts
     D:2: 761 daAuts
     D:3: 679 daAuts
     D:6: 647 daAuts
   Sewer: 340 daAuts
    D:10: 174 daAuts
